 Dungeon Crawl Stone Soup version 0.29-a0-67-g1d65ae1bb4 (webtiles) character file.

Game seed: 15492618310954840895

9 Essalna the Conjurer (level 2, 19/19 HPs)
             Began as a Demonspawn Conjurer on Feb 3, 2022.
             Got out of the dungeon alive.
             The game lasted 00:01:18 (506 turns).

Essalna the Conjurer (Demonspawn Conjurer)           Turns: 506, Time: 00:01:18

Health: 19/19      AC:  2    Str:  7    XL:     2   Next: 3%
Magic:  4/5        EV: 12    Int: 19    God:
Gold:   0          SH:  0    Dex: 11    Spells: 4/5 levels left

rFire   . . .      SeeInvis .   (no weapon)
rCold   . . .      Faith    .   (no shield)
rNeg    . . .      Spirit   .   a - +0 robe
rPois   .          Reflect  .   (helmet restricted)
rElec   .          Harm     .   (no cloak)
rCorr   .          Rampage  .   (no gloves)
Will    .....                   (no boots)
Stlth   ++........              (no amulet)
HPRegen 0.06/turn               (no ring)
MPRegen 0.09/turn               (no ring)

@: no status effects
A: antennae 1
a: no special abilities


You escaped.
You visited 1 branch of the dungeon, and saw 1 of its levels.

Inventory:

Armour
 a - a +0 robe (worn)
Jewellery
 b - a ring of fire


   Skills:
 - Level 1.7 Dodging
 - Level 1.7 Stealth
 + Level 2.3 Spellcasting
 + Level 4.2 Conjurations


You had 4 spell levels left.
You knew the following spells:

 Your Spells              Type           Power      Damage    Failure   Level
a - Magic Dart            Conj           72%        1d6       3%          1

Your spell library contained the following spells:

 Spells                   Type           Power      Damage    Failure   Level
 Searing Ray              Conj           36%        2d5       4%          2
 Dazzling Flash           Conj/Hex       20%        N/A       21%         3
 Fulminant Prism          Conj/Hex       5%         3d7       56%         4
 Iskenderun's Mystic Bla  Conj/Tloc      10%        2d4       56%         4


Dungeon Overview and Level Annotations

Branches:
Dungeon (1/15)

Altars:


Innate Abilities, Weirdness & Mutations

You have a pair of small antennae on your head.


Message History

Found 6 javelins.
Found 16 sling bullets.
A rat comes into view.
The magic dart hits the rat.
You kill the rat!
You can't see any susceptible monsters within range! (Use Z to cast anyway.)
You can't see any susceptible monsters within range! (Use Z to cast anyway.)
You can't see any susceptible monsters within range! (Use Z to cast anyway.)
An endoplasm comes into view.
Found an emerald ring.
The endoplasm quivers.
The magic dart hits the endoplasm.
The endoplasm is almost dead.
The magic dart hits the endoplasm.
You kill the endoplasm!
You can't see any susceptible monsters within range! (Use Z to cast anyway.)
You can't see any susceptible monsters within range! (Use Z to cast anyway.)
Found a stone staircase leading down.
b - a ring of fire
Okay, then.
Okay, then.
An endoplasm comes into view.
The magic dart hits the endoplasm.
The endoplasm is heavily wounded.
The magic dart hits the endoplasm.
You kill the endoplasm!
You have reached level 2!
You feel monstrous as your demonic heritage exerts itself.
Your demonic ancestry asserts itself...
A pair of antennae grows on your head!
Found a faded altar of an unknown god.
You see here 16 stones.
The iguana hisses angrily.
You see here a hobgoblin skeleton.
There is a staircase leading out of the dungeon here.
Are you sure you want to leave the Dungeon?
This will make you lose the game!
Alright, then stay!
Unknown command.
Are you sure you want to leave the Dungeon?
This will make you lose the game!
You have escaped!

###########
#@........###
##########....#
###.........รท...#
#...............######
#.8..#######..8.#....#
#....#hBhwl#....#.##.#
#.8..#######..8.##.#.#
#...............###..#
###.8....(..8.### ##..


There were no monsters in sight!

Vanquished Creatures
  A ball python (D:1)
  3 endoplasms (D:1)
  A hobgoblin (D:1)
  A bat (D:1)
  A frilled lizard (D:1)
  A rat (D:1)
8 creatures vanquished.

Notes
Turn   | Place    | Note
-------+----------+-------------------------------------------
     0 | D:1      | Essalna the Demonspawn Conjurer began the quest for the
                  | Orb.
     0 | D:1      | Reached XP level 1. HP: 13/13 MP: 3/3
     6 | D:1      | Noticed a hog
     6 | D:1      | Noticed an iguana
     6 | D:1      | Noticed a swamp worm
     7 | D:1      | Noticed a black bear
   464 | D:1      | Discovered your monstrous ancestry.
   464 | D:1      | Gained mutation: You have a pair of small antennae on your
                  | head. [demonic ancestry]
   464 | D:1      | Reached XP level 2. HP: 19/19 MP: 1/5
   472 | D:1      | Found a faded altar of an unknown god.
   506 | D:$      | Got out of the dungeon alive.

Illustrated notes

Levels and vault maps discovered:
D:1:      onia_arrival_zoo_common, layout_loops_ring,
          chequers_ecumenical_altar_simple

Action                   || total
-------------------------++-------
Melee: Unarmed           ||    19
 Cast: Magic Dart        ||    14
Armor: Robe              ||     6
Dodge: Dodged            ||    23

Table legend: (Time is in decaauts)
 A = Elapsed time spent in this place.
 B = Non-inter-level travel time spent in this place.
 C = Inter-level travel time spent in this place.
 D = Time resting spent in this place.
 E = Time spent auto-exploring this place.
 F = Levels seen in this place.
 G = Mean time per level.
                   A        B        C        D        E       F      G
               +--------+--------+--------+--------+--------+-----+--------+
         Total |    506 |    465 |     41 |      0 |    393 |   1 |  506.0 |
       Dungeon |    506 |    465 |     41 |      0 |    393 |   1 |  506.0 |
               +--------+--------+--------+--------+--------+-----+--------+

Top non-repeatable levels by time:
     D:1: 506 daAuts
